 Dungeon Crawl Stone Soup version 0.31-a0-222-gefeffbb62a (webtiles) character file.

Game seed: 6907966908500075861

119 olmar the Charlatan (level 5, -5/40 HPs)
             Began as a Gnoll Wanderer on July 6, 2023.
             Slain by an ogre
             ... wielding a +0 giant club
              (14 damage)
             ... on level 4 of the Dungeon.
             The game lasted 00:04:21 (2545 turns).

olmar the Charlatan (Gnoll Wanderer)                Turns: 2545, Time: 00:04:22

Health: -5/40      AC: 11    Str: 13    XL:     5   Next: 3%
Magic:  7/7        EV:  9    Int: 20    God:
Gold:   79         SH:  0    Dex:  9    Spells: 6/6 levels left

rFire   + . .        c - +3 flail
rCold   . . .        (no shield)
rNeg    . . .        g - +2 scale mail {rF+}
rPois   .            l - +0 helmet
rElec   .            n - +0 cloak
rCorr   .            (no gloves)
SInv    .            (no boots)
Will    .....        p - amulet of magic regeneration Stlth
                     f - +6 ring of intelligence
HPRegen 0.26/turn    (no ring)
MPRegen 0.50/turn

%: no passive effects
@: no status effects
A: fangs 1, strong nose, distributed training
a: no special abilities


You were on level 4 of the Dungeon.
You visited 1 branch of the dungeon, and saw 4 of its levels.

You collected 79 gold pieces.

Inventory:

Hand Weapons
 a - a +2 sling
 b - a +0 spear
 c - a +3 flail (weapon)
 i - a +0 spear
 r - a +2 heavy flail
Armour
 e - a +0 leather armour
 g - a +2 scale mail of fire resistance (worn)
 l - a +0 helmet (worn)
 n - a +0 cloak (worn)
Jewellery
 f - a +6 ring of intelligence (left hand)
 p - an amulet of magic regeneration (around neck)
Scrolls
 d - 4 scrolls of teleportation
 h - a scroll of identify
 q - a scroll of immolation
Potions
 j - a potion of resistance
 k - a potion of attraction
 m - 2 potions of curing
 o - a potion of might
 s - a potion of invisibility


   Skills:
 + Level 2.9 Fighting
 + Level 1.4 Short Blades
 + Level 1.4 Long Blades
 + Level 1.4 Axes
 + Level 1.4 Maces & Flails
 + Level 4.7 Polearms
 + Level 1.4 Staves
 + Level 4.7 Ranged Weapons
 + Level 1.4 Throwing
 + Level 4.7 Armour
 + Level 1.4 Dodging
 + Level 1.4 Stealth
 + Level 1.4 Shields
 + Level 1.4 Unarmed Combat
 + Level 1.4 Spellcasting
 + Level 1.1 Conjurations
 + Level 1.1 Hexes
 + Level 1.1 Summonings
 + Level 1.1 Necromancy
 + Level 1.1 Translocations
 + Level 1.1 Transmutations
 + Level 1.1 Fire Magic
 + Level 1.1 Ice Magic
 + Level 1.1 Air Magic
 + Level 1.1 Earth Magic
 + Level 1.1 Poison Magic
 + Level 1.5 Invocations
 + Level 6.6 Evocations


You had 6 spell levels left.
You didn't know any spells.
Your spell library contained the following spells:

 Spells                   Type           Power      Damage    Failure   Level
 Ignite Poison            Fire/Tmut/Pois 5%         N/A       80%         3
 Sticky Flame             Conj/Fire      5%         2d3       99%         4
 Ignition                 Fire           2%         3d3       100%        8


Dungeon Overview and Level Annotations

Branches:
Dungeon (4/15)
 Temple: D:4-7

Altars:
Cheibriados

Annotations:
D:2 Sigmund


Innate Abilities, Weirdness & Mutations

You have very sharp teeth.
Your uncanny sense of smell can sniff out nearby items.
Your experience applies equally to all skills.


Message History

You see here a +0 club.
You start waiting.
A hobgoblin is nearby!
The hobgoblin barely misses you.
There is a stone staircase leading up here.
You sock the hobgoblin!
You kill the hobgoblin!
Things that are here:
a +0 spear; 4 poisoned darts
t - 4 poisoned darts You start waiting.
An ogre comes into view. It is wielding a +0 giant club.
An ogre is nearby!
You throw a poisoned dart. The poisoned dart hits the ogre.
The ogre is poisoned.
The ogre shouts!
You throw a poisoned dart. The poisoned dart hits the ogre.
The ogre looks even sicker.
You throw a poisoned dart. The poisoned dart hits the ogre.
The ogre looks even sicker.
You throw a poisoned dart. The poisoned dart hits the ogre.
The ogre looks as sick as possible!
You hit the ogre.
The ogre is lightly wounded.
The ogre hits you with a +0 giant club!
Unknown command.
You sock the ogre!
The ogre is heavily wounded.
The ogre hits you with a +0 giant club!
* * * LOW HITPOINT WARNING * * *
Unknown command.
You are too injured to fight recklessly!
Unknown command.
You are too injured to fight recklessly!
Unknown command.
You are too injured to fight recklessly!
You hit the ogre.
The ogre is severely wounded.
The ogre hits you with a +0 giant club!
You die...

#### ## ##########..
.# ........##.#
.###### ........##.#
....... ........##.#
....... ........<).#
.......
.......)######.......
.......@# #........J
.......O# #.#.......
........####^#......g
.......(#....#.......
##.....(......g......
#>....(.............
###....(.....#......
######.###.#......
..# .# ####


You could see an ogre (very poisoned).

Vanquished Creatures
  Terence (D:2)
  5 adders
  A worm (D:3)
  2 orcs (D:3)
  2 ball pythons
  4 bats
  9 endoplasms
  A giant cockroach (D:1)
  4 hobgoblins
  2 kobolds
  2 quokkas
  2 frilled lizards (D:2)
  6 goblins
  3 rats
44 creatures vanquished.

Notes
Turn   | Place    | Note
-------+----------+-------------------------------------------
     0 | D:1      | olmar the Gnoll Wanderer began the quest for the Orb.
     0 | D:1      | olmar set off with the following items: a +2 sling, a +0
                  | spear, a wand of flame (3), a scroll of teleportation, a +0
                  | leather armour.
     0 | D:1      | Reached XP level 1. HP: 17/17 MP: 1/1
   183 | D:1      | Reached XP level 2. HP: 23/23 MP: 2/2
   734 | D:2      | Noticed Terence
   734 | D:2      | Found a snail-covered altar of Cheibriados.
   787 | D:2      | Noticed Sigmund
   914 | D:2      | Killed Terence
   915 | D:2      | Reached skill level 1 in Invocations
   915 | D:2      | Reached XP level 3. HP: 5/28 MP: 2/4
  1115 | D:2      | Reached skill level 1 in Short Blades
  1115 | D:2      | Reached skill level 1 in Long Blades
  1115 | D:2      | Reached skill level 1 in Axes
  1115 | D:2      | Reached skill level 1 in Maces & Flails
  1115 | D:2      | Reached skill level 1 in Staves
  1115 | D:2      | Reached skill level 1 in Throwing
  1115 | D:2      | Reached skill level 1 in Dodging
  1115 | D:2      | Reached skill level 1 in Stealth
  1115 | D:2      | Reached skill level 1 in Shields
  1115 | D:2      | Reached skill level 1 in Unarmed Combat
  1115 | D:2      | Reached skill level 1 in Spellcasting
  1392 | D:3      | Found a faded altar of an unknown god.
  1418 | D:3      | Reached XP level 4. HP: 34/34 MP: 5/5
  1668 | D:3      | Reached skill level 1 in Conjurations
  1668 | D:3      | Reached skill level 1 in Hexes
  1668 | D:3      | Reached skill level 1 in Summonings
  1668 | D:3      | Reached skill level 1 in Necromancy
  1668 | D:3      | Reached skill level 1 in Translocations
  1668 | D:3      | Reached skill level 1 in Transmutations
  1668 | D:3      | Reached skill level 1 in Fire Magic
  1668 | D:3      | Reached skill level 1 in Ice Magic
  1668 | D:3      | Reached skill level 1 in Air Magic
  1668 | D:3      | Reached skill level 1 in Earth Magic
  1668 | D:3      | Reached skill level 1 in Poison Magic
  2256 | D:4      | Reached XP level 5. HP: 36/40 MP: 5/7
  2537 | D:4      | Noticed an ogre
  2545 | D:4      | Slain by an ogre

Illustrated notes

Levels and vault maps discovered:
D:1:      scummos_arrival_star, layout_loops_ring, nicolae_hexahallways
D:2:      layout_basic, basic_altar, amcnicky_mini_rare_corridor_liquid,
          amcnicky_mini_pool_small, kennysheep_small_spiral, uniq_sigmund,
          uniq_terence, uniq_natasha
D:3:      layout_loops_corners, basic_ecumenical_altar,
          nicolae_houndstooth_variations
D:4:      layout_basic, tgw_fedhas, chequers_temple_overflow_statue_of_worship,
          uniq_ijyb

Skill      XL: |  1  2  3  4 |
---------------+-------------+-----
Invocations    | 1 |  1.5
Short Blades   | 1 |  1.4
Long Blades    | 1 |  1.4
Axes           | 1 |  1.4
Maces & Flails | 1 |  1.4
Staves         | 1 |  1.4
Throwing       | 1 |  1.4
Dodging        | 1 |  1.4
Stealth        | 1 |  1.4
Shields        | 1 |  1.4
Unarmed Combat | 1 |  1.4
Spellcasting   | 1 |  1.4
Conjurations   | 1 |  1.1
Hexes          | 1 |  1.1
Summonings     | 1 |  1.1
Necromancy     | 1 |  1.1
Translocations | 1 |  1.1
Transmutations | 1 |  1.1
Fire Magic     | 1 |  1.1
Ice Magic      | 1 |  1.1
Air Magic      | 1 |  1.1
Earth Magic    | 1 |  1.1
Poison Magic   | 1 |  1.1
Fighting       | |  2.9
Polearms       | |  4.7
Ranged Weapons | |  4.7
Armour         | |  4.7
Evocations     | |  6.6

Action                     |  1- 3 |  4- 6 || total
---------------------------+-------+-------++-------
  Melee: Flail             |    15 |    72 ||    87
         Bite              |       |     1 ||     1
   Fire: Sling             |    69 |       ||    69
  Throw: Dart              |       |     4 ||     4
  Evoke: Wand              |     3 |       ||     3
    Use: Potion            |     1 |       ||     1
         Scroll            |     2 |     4 ||     6
 Armour: Leather armour    |    10 |       ||    10
         Scale mail        |    10 |    36 ||    46
  Dodge: Dodged            |    38 |    42 ||    80

Table legend: (Time is in decaauts)
 A = Elapsed time spent in this place.
 B = Non-inter-level travel time spent in this place.
 C = Inter-level travel time spent in this place.
 D = Time resting spent in this place.
 E = Time spent auto-exploring this place.
 F = Levels seen in this place.
 G = Mean time per level.
                   A        B        C        D        E       F      G
               +--------+--------+--------+--------+--------+-----+--------+
         Total |   2587 |   2503 |     84 |    371 |   1655 |   4 |  646.8 |
       Dungeon |   2587 |   2503 |     84 |    371 |   1655 |   4 |  646.8 |
               +--------+--------+--------+--------+--------+-----+--------+

Top non-repeatable levels by time:
     D:3: 979 daAuts
     D:1: 868 daAuts
     D:2: 443 daAuts
     D:4: 295 daAuts
